 Dungeon Crawl Stone Soup version 0.29.0-4-gdea44cf6ec (webtiles) character file.

Game seed: 12392736589628563176

29 Armakuni the Ducker (level 3, 0/29 HPs)
             Began as a Human Monk on Aug 27, 2022.
             Slain by a jackal (1 damage)
             ... on level 1 of the Dungeon.
             The game lasted 00:02:39 (1209 turns).

Armakuni the Ducker (Human Monk)                    Turns: 1209, Time: 00:02:39

Health: 0/29       AC:  3    Str: 13    XL:     3   Next: 32%
Magic:  3/3        EV: 13    Int: 10    God:
Gold:   46         SH:  0    Dex: 15    Spells: 2/2 levels left

rFire   . . .      SeeInvis .   a - +0 falchion
rCold   . . .      Faith    .   (no shield)
rNeg    . . .      Spirit   .   e - +0 robe
rPois   .          Reflect  .   (no helmet)
rElec   .          Harm     .   (no cloak)
rCorr   .          Rampage  .   (no gloves)
Will    .....                   g - +0 pair of boots
Stlth   ++........              (no amulet)
HPRegen 0.09/turn               (no ring)
MPRegen 0.08/turn               (no ring)

@: no status effects
A: no striking features
a: no special abilities


You were on level 1 of the Dungeon.
You visited 1 branch of the dungeon, and saw 2 of its levels.

You collected 46 gold pieces.

Inventory:

Hand Weapons
 a - a +0 falchion (weapon)
Armour
 b - a +0 ring mail
 e - a +0 robe (worn)
 g - a +0 pair of boots (worn)
Scrolls
 d - 2 scrolls of enchant armour {unknown}
 h - a scroll of poison {unknown}
Potions
 f - a potion of cancellation


   Skills:
 - Level 3.0 Fighting
 + Level 3.6 Long Blades
 + Level 3.6 Dodging
 - Level 2.0 Stealth


You had 2 spell levels left.
You didn't know any spells.
Your spell library contained the following spells:

 Spells                   Type           Power      Damage    Failure   Level
 Necrotise                Necr           0%         1d4       36%         1
 Vampiric Draining        Necr           0%         2d6       75%         3
 Agony                    Necr           0%         N/A       100%        5


Dungeon Overview and Level Annotations

Branches:
Dungeon (2/15)

Altars:

Shops:
D:1 !


Message History

You closely miss the goblin. The jackal barely misses you.
The black bear bites you but does no damage.
The black bear barely misses you. The black bear claws you.
* * * LOW HITPOINT WARNING * * *
The goblin hits you with a +0 dagger.
* * * LOW HITPOINT WARNING * * *
You're too confused to move!
The jackal bites you.
* * * LOW HITPOINT WARNING * * *
The black bear misses you. The black bear barely misses you.
The black bear claws you.
* * * LOW HITPOINT WARNING * * *
The goblin misses you. The jackal misses you.
You closely miss the goblin. The jackal misses you. The black bear misses you.
The black bear claws you.
* * * LOW HITPOINT WARNING * * *
The black bear claws you.
* * * LOW HITPOINT WARNING * * *
The goblin hits you with a +0 dagger.
* * * LOW HITPOINT WARNING * * *
You bump into the rock wall.
The jackal closely misses you. The black bear closely misses you.
The black bear claws you.
* * * LOW HITPOINT WARNING * * *
The black bear claws you.
* * * LOW HITPOINT WARNING * * *
The goblin closely misses you.
The jackal bites you but does no damage.
You bump into the rock wall.
The jackal misses you. The black bear bites you.
The black bear closely misses you. The black bear claws you.
The goblin completely misses you.
You barely miss the goblin.
You feel less invigorated.
You feel less confused. The jackal closely misses you.
The black bear bites you.
The black bear claws you but does no damage.
The black bear misses you. The goblin misses you. The jackal misses you.
You barely miss the goblin. The jackal bites you. The black bear bites you!
* * * LOW HITPOINT WARNING * * *
The black bear barely misses you. x2; The goblin barely misses you.
It was a potion of cancellation.
You feel magically purged. The jackal bites you.
You die...

# # ########### ##........#
##########
##.###..).############........#
##.# #.##......g@h.....######.#
##.###.##.#######h..#### #.#
##........# #.....# #.#
######.#### ##...## ###.### #
#.# ##.## #...... #.# #.#
#.###.# #.# #.# #.# #.# #.#
##'## #.###.# ##.# ##...##
#.....#


You could see a black bear, a jackal and a goblin.

Vanquished Creatures
  2 dart slugs (D:1)
  An endoplasm (D:1)
  A giant cockroach (D:1)
  A goblin (D:1)
  5 hobgoblins (D:1)
  2 jackals (D:1)
  A quokka (D:1)
  3 ball pythons (D:1)
  2 bats (D:1)
  A frilled lizard (D:1)
  2 kobolds (D:1)
  A rat (D:1)
22 creatures vanquished.

Notes
Turn   | Place    | Note
-------+----------+-------------------------------------------
     0 | D:1      | Armakuni the Human Monk began the quest for the Orb.
     0 | D:1      | Reached XP level 1. HP: 18/18 MP: 1/1
   234 | D:1      | Reached XP level 2. HP: 21/24 MP: 2/2
   916 | D:1      | Reached XP level 3. HP: 28/29 MP: 3/3
   940 | D:1      | Found Odisinle's Distillery.
  1175 | D:2      | Noticed a black bear
  1208 | D:1      | HP: 1/29 [black bear (8)]
  1209 | D:1      | Slain by a jackal

Illustrated notes

Levels and vault maps discovered:
D:1:      lemuel_arrival_cross, layout_loops_corners, serial_shops,
          shop_fountains
D:2:      layout_basic, wad_floor_pattern_untrapped, corexii_leaking_fountain,
          kennysheep_another_room, dk_vineyard_1, uniq_robin, uniq_jessica

Action                   || total
-------------------------++-------
Melee: Falchion          ||    70
       Punch             ||     2
  Use: Potion            ||     2
 Stab: Sleeping          ||     6
Armor: Robe              ||    18
Dodge: Dodged            ||    89
